 Dungeon Crawl Stone Soup version 0.24.0-10-g970556be89 (webtiles) character file.

Game seed: 3902994524211510829, levelgen mode: deterministic

55 opiumtea the Conjurer (level 3, 0/21 HPs)
             Began as an Octopode Conjurer on Nov 3, 2019.
             Slain by a jelly (3 damage)
             ... on level 2 of the Dungeon.
             The game lasted 00:04:28 (1812 turns).

opiumtea the Conjurer (Octopode Conjurer)           Turns: 1812, Time: 00:04:28

Health: 0/21       AC:  1    Str:  7    XL:     3   Next: 93%
Magic:  3/8        EV: 13    Int: 18    God:
Gold:   87         SH:  0    Dex: 12    Spells: 6/9 levels left

rFire    x . .     SeeInvis .   a - +1 short sword (holy)
rCold    + . .     Gourm    .   (no shield)
rNeg     . . .     Faith    .   (helmet restricted)
rPois    .         Spirit   .   (no amulet)
rElec    .         Reflect  .   h - ring of ice
rCorr    .         Harm     .   (no ring)
MR       .....                  (no ring)
Stlth    +++.......             (no ring)
HPRegen  0.07/turn              (no ring)
MPRegen  0.11/turn              (no ring)
                                (no ring)
                                (no ring)

@: no status effects
A: almost no armour, stealthy swim, amphibious, 8 rings, constrict 8, camouflage
1, gelatinous body 1
a: no special abilities


You were on level 2 of the Dungeon.
You were not hungry.

You visited 1 branch of the dungeon, and saw 2 of its levels.

You collected 87 gold pieces.

Inventory:

Hand Weapons
 a - a +1 short sword of holy wrath (weapon)
Jewellery
 h - a ring of ice (left tentacle)
Scrolls
 c - a scroll of teleportation {unknown}
 e - a scroll of remove curse {unknown}
 f - 2 scrolls of identify {unknown}
 g - a scroll of magic mapping {unknown}
 i - 2 scrolls of enchant armour {unknown}
Potions
 d - a potion of magic {unknown}
Comestibles
 b - 4 rations


   Skills:
 - Level 2.0 Dodging
 - Level 2.6 Stealth
 * Level 3.8 Spellcasting
 - Level 4.0 Conjurations


You had 6 spell levels left.
You knew the following spells:

 Your Spells              Type           Power        Failure   Level  Hunger
a - Magic Dart            Conj           ###.         3%          1    None
b - Searing Ray           Conj           ###...       4%          2    ##.....

Your spell library contained the following spells:

 Spells                   Type           Power        Failure   Level  Hunger
 Dazzling Spray           Conj/Hex       ##....       21%         3    ###....
 Iskenderun's Mystic Bla  Conj           ###.....     28%         4    ####...
 Force Lance              Conj/Tloc      ##......     54%         4    ####...
 Fulminant Prism          Conj/Hex       ##........   54%         4    ####...


Dungeon Overview and Level Annotations

Branches:
Dungeon (2/15)

Altars:

Annotations:
D:2 Robin


Innate Abilities, Weirdness & Mutations

You cannot wear most types of armour.
You are very stealthy in the water. (Stealth+)
You are amphibious.
You can wear up to eight rings at the same time.
You can use your tentacles to constrict eight enemies at once.
Your skin changes colour to match your surroundings (Stealth+).
Your rubbery body absorbs attacks. (AC +1, EV +1)


Message History

You are splashed with acid!
The jelly jiggles.
There is a stone staircase leading up here.
Casting: Searing Ray (safe; 4% risk of failure)
Confirm with . or Enter, or press ? or * to list all spells.
Aiming: Searing Ray (safe; 4% risk of failure)
Press: ? - help, Shift-Dir - straight line, f/p - jelly
Aim: a jelly (heavily wounded)
The searing ray hits the jelly.
The jelly is severely wounded. (Press . to maintain the ray.)
The jelly hits you.
You are splashed with acid!
* * * LOW HITPOINT WARNING * * *
The searing ray hits the jelly.
The jelly is severely wounded.
The jelly closely misses you.
The searing ray hits the jelly.
The jelly is almost dead.
The jelly hits you.
You die...

#......#.# #......
##........### #.#####
#...........####.###..
#........#..........#
#......#.###....#####
#........##....)#
####.#######.........
#####J#### ##.#######
#....@...# #.#
#.###.##.# #.# #.# #
#+# ..# .## #. .. .. .
#


You could see a jelly.

Vanquished Creatures
  An adder (D:2)
  A dart slug (D:1)
  2 leopard geckos
  4 bats
  3 giant cockroaches (D:1)
  10 goblins
  6 hobgoblins
  5 kobolds
  A ball python (D:1)
  3 rats
36 creatures vanquished.

Notes
Turn   | Place    | Note
-------+----------+-------------------------------------------
     0 | D:1      | opiumtea the Octopode Conjurer began the quest for the Orb.
     0 | D:1      | Reached XP level 1. HP: 11/11 MP: 3/3
   226 | D:1      | Reached XP level 2. HP: 17/17 MP: 0/5
   230 | D:1      | Learned a level 2 spell: Searing Ray
   813 | D:1      | Reached XP level 3. HP: 21/21 MP: 3/7
  1410 | D:2      | Noticed Robin
  1812 | D:2      | Slain by a jelly

Levels and vault maps discovered:
D:1:      nicolae_arrival_somewhat_less_tricky_arrival, layout_loops_ring
D:2:      layout_loops_corners, nicolae_gozag_seed_capital, uniq_natasha,
          uniq_robin, uniq_jessica, uniq_terence

Skill      XL: |  1  2 |
---------------+-------+-----
Spellcasting   | 3 |  3.8
Dodging        | |  2.0
Stealth        | |  2.6
Conjurations   | |  4.0

Action                   || total
-------------------------++-------
Melee: Short sword       ||     1
 Cast: Magic Dart        ||    70
       Searing Ray       ||     4
  Eat: Chunk             ||     3
Armor: Skin              ||     3
Dodge: Dodged            ||    10
